 Dungeon Crawl Stone Soup version 0.31-a0-278-g485e682e34 (webtiles) character file.

Game seed: 7484945286447636382

313 AdnanSaban the Cudgeller (level 6, 0/38 HPs)
             Began as a Gargoyle Fighter on July 15, 2023.
             Was an Initiate of Okawaru.
             Slain by Pikel
             ... wielding a +0 whip of flaming
              (5 damage)
             ... on level 4 of the Dungeon.
             The game lasted 00:04:02 (2395 turns).

AdnanSaban the Cudgeller (Gargoyle Fighter)         Turns: 2395, Time: 00:04:03

Health: 0/38       AC: 11    Str: 21    XL:     6   Next: 43%
Magic:  6/6        EV:  9    Int:  9    God:    Okawaru [......]
Gold:   152        SH:  4    Dex:  9    Spells: 5/5 levels left

rFire   . . .        a - +0 flail
rCold   . . .        c - +0 buckler
rNeg    + . .        b - +0 scale mail
rPois   ∞            (no helmet)
rElec   +            (no cloak)
rCorr   .            (no gloves)
SInv    .            (no boots)
Will    .....        (no amulet) Stlth
                     (no ring)
HPRegen 0.26/turn    (no ring)
MPRegen 0.10/turn

%: no passive effects
@: no status effects
A: sickness immunity, AC +4, negative energy resistance 1, electricity
resistance, torment resistance 1, petrification resistance
a: Renounce Religion


You were on level 4 of the Dungeon.
You worshipped Okawaru.
Okawaru was noncommittal.
You visited 1 branch of the dungeon, and saw 4 of its levels.

You collected 152 gold pieces.

Inventory:

Hand Weapons
 a - a +0 flail (weapon)
Armour
 b - a +0 scale mail (worn)
 c - a +0 buckler (worn)
Jewellery
 k - a +4 ring of protection
 l - a +6 ring of dexterity
 o - a ring of fire
Scrolls
 g - a scroll of fog {unknown}
 i - a scroll of revelation {unknown}
 j - a scroll of poison {unknown}
 m - 3 scrolls of identify {unknown}
 n - a scroll of silence {unknown}
 p - 2 scrolls of teleportation {unknown}
 r - a scroll of amnesia {unknown}
 u - a scroll of fear {unknown}
Potions
 d - a potion of might
 e - a potion of brilliance {unknown}
 f - 2 potions of haste {unknown}
 h - a potion of enlightenment {unknown}
 q - a potion of mutation {unknown}
 s - a potion of degeneration {unknown}
 t - a potion of curing {unknown}


   Skills:
 + Level 4.2 Fighting
 + Level 4.9 Maces & Flails
 + Level 4.7 Armour
 + Level 3.9 Shields


You had 5 spell levels left.
You didn't know any spells.
Your spell library was empty.

Dungeon Overview and Level Annotations

Branches:
Dungeon (4/15)
 Temple: D:4-7

Altars:
Okawaru

Annotations:
D:4 Pikel


Innate Abilities, Weirdness & Mutations

You are immune to sickness and miasma.
Your stone body is resilient. (AC +4)
You are immune to poison.
You resist negative energy. (rN+)
You are resistant to electric shocks. (rElec)
You are resistant to unholy torment.
You are immune to petrification.


Message History

You hit Pikel.
Pikel is lightly wounded.
Pikel cracks his whip.
Pikel hits you but does no damage.
The lemure shouts!
You hit Pikel.
Pikel is moderately wounded.
You block Pikel's attack. Pikel completely misses you.
You completely miss Pikel.
Pikel is moderately wounded.
Pikel says, "You'll feel the lick of my whip!"
Pikel barely misses you.
You closely miss Pikel.
Pikel is moderately wounded.
Pikel hits you but does no damage.
You sock Pikel!
Pikel is heavily wounded.
Pikel closely misses you.
You hit Pikel.
Pikel is heavily wounded.
You block Pikel's attack.
You sock Pikel!
Pikel is severely wounded.
Pikel hits you with a +0 whip of flaming.
Pikel burns you.
You hit Pikel but do no damage.
Pikel is severely wounded.
Pikel hits you but does no damage.
Pikel hits you with a +0 whip of flaming.
Pikel burns you.
You miss Pikel.
Pikel is severely wounded.
Pikel hits you with a +0 whip of flaming!
* * * LOW HITPOINT WARNING * * *
Pikel burns you.
* * * LOW HITPOINT WARNING * * *
You hit Pikel but do no damage.
Pikel is severely wounded.
Pikel hits you with a +0 whip of flaming.
You die...

###...........#
#.......#.... ###.#####
#.. ##'## . ##...## ###
##.....## #.##
#.......###..## .#
#........5##...## .####
+.......†5K@....##
.....
#........5###....##
#.>.
##.......###......#
#..#
##....(###.#.....###..#
##...## ##...#...##..#
##+# ##.###..##.<#
#..........#
#.########.# #. #...


You could see Pikel and 3 lemures.

Vanquished Creatures
  Grinder (D:3)
  A lemure (D:4)
  Terence (D:3)
  5 adders
  2 worms (D:3)
  3 endoplasms
  4 giant cockroaches
  5 goblins
  5 hobgoblins
  6 kobolds
  A quokka (D:4)
  3 ball pythons
  9 bats
  3 frilled lizards
  7 rats
56 creatures vanquished.

Notes
Turn   | Place    | Note
-------+----------+-------------------------------------------
     0 | D:1      | AdnanSaban the Gargoyle Fighter began the quest for the
                  | Orb.
     0 | D:1      | Reached XP level 1. HP: 14/14 MP: 1/1
   358 | D:1      | Found a faded altar of an unknown god.
   366 | D:1      | Reached XP level 2. HP: 19/19 MP: 2/2
   716 | D:1      | Reached XP level 3. HP: 23/23 MP: 3/3
  1051 | D:2      | Reached XP level 4. HP: 29/29 MP: 4/4
  1154 | D:2      | Found an iron altar of Okawaru.
  1165 | D:2      | Became a worshipper of Warmaster Okawaru
  1712 | D:3      | Noticed Terence
  1724 | D:3      | Killed Terence
  2144 | D:3      | Reached XP level 5. HP: 32/33 MP: 5/5
  2159 | D:3      | Noticed Grinder
  2169 | D:3      | Paralysed by Grinder for 4 turns
  2180 | D:3      | Killed Grinder
  2181 | D:3      | Reached XP level 6. HP: 38/38 MP: 6/6
  2368 | D:4      | Noticed Pikel
  2395 | D:4      | Slain by Pikel

Illustrated notes

Levels and vault maps discovered:
D:1:      minmay_arrival_widening_spiral_narrow, layout_loops_ring,
          shapermc_ecumenical_altar_mp_ritualfount, minmay_3d_cube
D:2:      layout_rooms, basic_altar
D:3:      layout_basic, uniq_grinder, uniq_terence, uniq_crazy_yiuf_cottage
D:4:      layout_loops_corners, nrook_mini_backslash, uniq_sigmund, uniq_pikel

Skill      XL: |  1  2  3  4  5 |
---------------+----------------+-----
Armour         | 4 |  4.7
Maces & Flails | 3 4 |  4.9
Fighting       | 4 |  4.2
Shields        | |  3.9

Action                     |  1- 3 |  4- 6 || total
---------------------------+-------+-------++-------
  Melee: Flail             |   121 |   111 ||   232
 Armour: Scale mail        |    99 |    62 ||   161
  Dodge: Dodged            |    97 |    40 ||   137
  Block: Buckler           |    27 |    14 ||    41

Table legend: (Time is in decaauts)
 A = Elapsed time spent in this place.
 B = Non-inter-level travel time spent in this place.
 C = Inter-level travel time spent in this place.
 D = Time resting spent in this place.
 E = Time spent auto-exploring this place.
 F = Levels seen in this place.
 G = Mean time per level.
                   A        B        C        D        E       F      G
               +--------+--------+--------+--------+--------+-----+--------+
         Total |   2460 |   2425 |     35 |      0 |   1908 |   4 |  615.0 |
       Dungeon |   2460 |   2425 |     35 |      0 |   1908 |   4 |  615.0 |
               +--------+--------+--------+--------+--------+-----+--------+

Top non-repeatable levels by time:
     D:1: 888 daAuts
     D:3: 856 daAuts
     D:2: 563 daAuts
     D:4: 151 daAuts
